 Dungeon Crawl Stone Soup version 0.22-a0-398-g8bb545f033 (webtiles) character file.

809223 Majang the Slayer (level 27, 0/550 HPs)
             Began as a Demonspawn Fighter on Apr 30, 2018.
             Was the Champion of Cheibriados.
             Slain by Tery the pandemonium lord (14 damage)
             ... while paralysed by Tery
             ... on level 12 of the Dungeon on May 5, 2018.
             The game lasted 07:54:03 (66897 turns).

Majang the Slayer (Demonspawn Fighter)             Turns: 66897, Time: 07:54:06

Health: 0/550      AC: 33    Str: 43    XL:     27
Magic:  0/32       EV:  2    Int: 32    God:    Cheibriados [******]
Gold:   9606       SH:  0    Dex: 34    Spells: 26/26 levels left

rFire    . . .     SeeInvis .   b - +6 broad axe (flame)
rCold    + + .     Gourm    .   g - +3 shield
rNeg     + + +     Faith    .   (armour currently unavailable)
rPois    +         Spirit   +   (helmet unavailable)
rElec    .         Reflect  .   (cloak currently unavailable)
rCorr    .         Harm     .   (gloves currently unavailable)
MR       +++..     Rnd*Rage +   (boots currently unavailable) Stlth ..........NoTele +
                                L - amulet "Ugautuy" {rC+ Regen+}
HPRegen  1.41/turn              O - ring "Jiqit" {+Fly MR+}
MPRegen  0.46/turn              W - ring "Fuchek" {rPois rC+ rN+ Int+2}

@: paralysed, mighty, agile, berserking, lethally poisoned (0 -> 0), tree-form,
repel missiles, very slow
A: repulsion field 3, berserk 2, powered by pain 3, screaming 1, augmentation 3,
magic shield, magic regeneration, magic link, subdued magic 1, MP-powered wands
0: Orb of Zot
}: 5/15 runes: decaying, slimy, silver, abyssal, gossamer
a: Bend Time, Temporal Distortion, Slouch, Step From Time, Renounce Religion


You were on level 12 of the Dungeon.
You worshipped Cheibriados.
Cheibriados was exalted by your worship.
You were very full.
You were a tree.
You visited 13 branches of the dungeon, and saw 59 of its levels.
You visited the Abyss 2 times.
You also visited: Bailey and Desolation.

You collected 11904 gold pieces.
You spent 2298 gold pieces at shops.

Inventory:

Hand Weapons
 a - a +4 broad axe of chopping
 b - a +6 broad axe of flaming (weapon)
 q - a +2 antimagic broad axe
 w - a +2 broad axe of draining
Missiles
 e - 5 javelins of penetration
 n - 37 tomahawks
 r - 5 javelins
 C - 4 steel javelins (quivered)
 H - 6 throwing nets
Armour
 g - a +3 shield (worn)
 h - the +2 pair of gloves of the Evening (melded) {rElec rPois rC- rCorr}
   (You found it in the Desolation of Salt)

   It makes you vulnerable to cold.
   It insulates you from electricity.
   It protects you from poison.
   It protects you from acid and corrosion.
 j - a scarf of cloud immunity
 J - a +2 pair of boots (melded)
 V - the +1 cloak "Zengua" (melded) {+Fly rN+ Regen+ MP+9}
   (You found it in the Desolation of Salt)

   It protects you from negative energy.
   It affects your magic capacity (+9).
   It lets you fly.
   It increases your rate of regeneration.
 Z - +12 gold dragon scales (melded)
Jewellery
 d - an uncursed ring of resist corrosion
 l - the amulet "Doijicoy" {Reflect rF- Int+7 Dex+6 SH+3}
   (You found it on level 3 of the Elven Halls)

   [amulet of reflection]

   It shields you and reflects attacks.
   It affects your intelligence (+7).
   It affects your dexterity (+6).
   It makes you vulnerable to fire.
   It affects your SH (+3).
 m - the ring "Meph" {rElec rPois rC- SInv Stlth-}
   (You found it on level 5 of the Pits of Slime)

   [ring of loudness]

   It makes you vulnerable to cold.
   It insulates you from electricity.
   It protects you from poison.
   It lets you see invisible.
   It makes you less stealthy.
 L - the amulet "Ugautuy" (around neck) {rC+ Regen+}
   (You found it on level 3 of the Crypt)

   [amulet of regeneration]

   It protects you from cold.
   It increases your rate of regeneration.
 O - the ring "Jiqit" (left branch) {+Fly MR+}
   (You found it in the Desolation of Salt)

   [ring of protection from magic]

   It affects your resistance to hostile enchantments.
   It lets you fly.
 W - the ring "Fuchek" (right branch) {rPois rC+ rN+ Int+2}
   (You found it on level 3 of the Crypt)

   [ring of positive energy]

   It affects your intelligence (+2).
   It protects you from cold.
   It protects you from poison.
   It protects you from negative energy.
Wands
 c - a wand of scattershot (5)
 I - a wand of iceblast (87)
 U - a wand of digging (1)
 X - a wand of acid (41)
Scrolls
 f - 8 scrolls of fog
 i - 18 scrolls of identify
 k - 32 scrolls of remove curse
 t - 9 scrolls of blinking
 x - 12 scrolls of teleportation
 M - 2 scrolls of magic mapping
Potions
 o - 4 potions of flight
 p - 13 potions of heal wounds
 z - 20 potions of curing
 E - 4 potions of resistance
 G - 3 potions of lignification
 P - 4 potions of magic
 R - 10 potions of ambrosia
 S - 3 potions of cancellation
 T - 7 potions of mutation
Comestibles
 y - 111 rations


   Skills:
 * Level 26.3 Fighting
 - Level 19.0 Axes
 + Level 17.2 Throwing
 + Level 22.7 Armour
 + Level 21.4 Dodging
 + Level 19.0 Shields
 - Level 13.0 Invocations


You had 26 spell levels left.
You didn't know any spells.

Dungeon Overview and Level Annotations

Branches:
Dungeon (15/15)            Temple (1/1) D:4            Lair (6/6) D:11
  Swamp (4/4) Lair:3       Spider (4/4) Lair:4        Slime (5/5) Lair:6
    Orc (2/2) D:12            Elf (3/3) Orc:2        Vaults (5/5) D:14
  Crypt (3/3) Vaults:3       Tomb (0/3) Crypt:3      Depths (5/5) D:15
   Hell (1/1)                 Dis (0/7) Hell            Geh (0/7) Hell
    Coc (0/7) Hell            Tar (0/7) Hell            Zot (5/5) Depths:5

Altars:
Ashenzari
Cheibriados
Dithmenos
Elyvilon
Fedhas
Gozag
Hepliaklqana
Kikubaaqudgha
Makhleb
Nemelex Xobeh
Okawaru
Qazlal
Ru
Sif Muna
Trog
Uskayaw
Vehumet
Wu Jian
Xom
Yredelemnul
Zin
The Shining One
Jiyva

Shops:
D:5 ?   D:7 }(*   D:15 !   Orc:2 ::}%?   Elf:2 (   Vaults:1 :   Vaults:2 *
Vaults:3 (   Depths:1 %*!   Depths:2 =

Portals:
Hell: Depths:1 Depths:2 Depths:3 Depths:4 Depths:5
Abyss: Depths:4 Depths:5
Pandemonium: Depths:2 Depths:3 Depths:4
Ziggurat: Depths:5

Annotations:
D:2 treasure behind tranl rock
D:8 Maurice


Innate Abilities, Weirdness & Mutations

((You have a pair of large horns on your head.))
You are surrounded by a strong repulsion field. (EV +4, RMsl)
You are powered by pain.
Your magical and physical power is greatly enhanced at high health.
When hurt, damage is shared between your health and your magic reserves.
You regenerate magic rapidly.
When low on magic, you restore magic in place of health.
You often lose your temper in combat.
((Armour fits poorly on your strangely shaped body.))
You occasionally shout uncontrollably at your foes.
((You are resistant to electric shocks. (rElec)))
Your spells are a little easier to cast, but a little less powerful.
You expend magic power (3 MP) to strengthen your wands.


Message History

Tery completely misses you.
You feel sick. Tery hits you but does no damage.
A red film seems to cover your vision as you go berserk!
Cheibriados protects you from inadvertent hurry.
You feel mighty!
You feel a strong urge to creak, but you are unable to make a sound!
A rust devil comes into view.
You feel sick. Tery hits you!
* * * LOW HITPOINT WARNING * * *
Tery freezes you.
* * * LOW HITPOINT WARNING * * *
Tery hits you but does no damage.
You feel sick. Tery hits you!!
* * * LOW HITPOINT WARNING * * *
You convulse!!
* * * LOW HITPOINT WARNING * * *
Tery hits you!!
* * * LOW HITPOINT WARNING * * *
You are electrocuted!
You die...

#..#### #.# # #'########## ##.#
## ###..........# #..# #)
.##..........# ##'###### #.
.............# ###.......# ###.
#.#..........# #.'..)....# ##.+.
###..[.......# #.#.......###..#.
#.#..........# ##?#.......##..##.
.##..x(......###♣.#.......#..###.
..#...>......##&.##.......[.## #.
.##..........'.4###.......### #.
.##.)........#### ###'##### #.
#.#..........# #.# #.
#######'###### #.## ## ## #...#
#..# ## .# ##'##### ######.## #.
.# #......### #.......# #.


You could see Tery and a rust devil.

Vanquished Creatures
  the Royal Jelly (Slime:5)
  12 ancient liches
  A pandemonium lord (Depths:1)
  5 orbs of fire
  2 juggernauts (Depths:3)
  Sojobo (Depths:5)
  Frederick (Vaults:4)
  Boris (Vaults:5)
  Margery (Vaults:5)
  Xtahua (Vaults:2)
  Bai Suzhen (Depths:2)
  7 curse toes
  2 Killer Klowns (Zot:5)
  A caustic shrike (Depths:4)
  A caustic shrike (shapeshifter) (Vaults:2)
  13 golden dragons
  Geryon (Hell)
  A profane servitor (Crypt:1)
  the Enchantress (Depths:1)
  Nikola (Spider:3)
  3 bone dragons
  A Tzitzimitl (Zot:4)
  Jorgrun (Depths:3)
  14 liches
  4 electric golems
  22 tentacled monstrosities
  2 Ice Fiends
  Frances (Swamp:2)
  14 quicksilver dragons
  26 Orb Guardians
  3 deep elf blademasters
  A deep elf master archer (Elf:3)
  7 titans
  5 sphinxes
  The ghost of loom the Eclecticist, an adept DrCj of Vehumet (Spider:4)
  28 acid blobs
  An Executioner (Abyss:2)
  6 tentacled starspawn
  12 shadow dragons
  10 death cobs
  11 draconian monks
  10 tengu reavers
  16 large abominations
  The ghost of noidea the Brawler, an adept TrMo of Ru (Spider:3)
  2 ancient champions
  Agnes (Spider:1)
  Kirke (Lair:4)
  4 thorn hunters
  12 storm dragons
  9 fire giants
  17 azure jellies
  A revenant (Crypt:1)
  7 frost giants
  An orc warlord (Vaults:5)
  6 cacodemons
  3 imperial myrmidons (Desolation)
  8 deep elf sorcerers
  5 draconian knights
  Louise (Swamp:2)
  4 iron dragons
  14 vault wardens
  11 ghouls
  7 emperor scorpions
  7 draconian stormcallers
  6 draconian scorchers
  6 ghost moths
  2 balrugs
  4 draconian shifters
  5 deep elf elementalists (Elf:3)
  A reaper (Crypt:2)
  4 spriggan defenders
  6 war gargoyles
  10 ironheart preservers
  17 stone giants
  17 very ugly things
  2 entropy weavers
  5 draconian annihilators
  15 green draconians
  13 black draconians
  A lorocyproca (Abyss:3)
  6 deep elf annihilators
  8 vampire knights
  5 deep elf demonologists
  12 purple draconians
  10 white draconians
  13 red draconians
  13 yellow draconians
  A halazid warlock (Desolation)
  3 eidola (Crypt:1)
  8 spark wasps
  13 ettins
  10 fire dragons
  3 blizzard demons
  9 deep elf death magi
  14 yaktaur captains
  6 crystal guardians
  3 green deaths
  16 jiangshi
  12 death oozes
  8 great orbs of eyes
  8 deep elf high priests
  9 ragged hierophants (Desolation)
  6 rakshasas
  24 vault guards (Vaults:5)
  A ghost crab (Swamp:4)
  A kraken zombie (Hell)
  5 servants of whispers (Desolation)
  2 hell beasts (Hell)
  41 hydras
  4 peacekeepers (Desolation)
  8 centaur warriors
  12 ice dragons
  6 spriggan air magi
  9 alligators
  A catoblepas (Lair:1)
  26 dancing weapons
  8 tengu warriors
  11 ogre magi
  6 deep troll shamans
  7 vampire magi
  8 death yaks
  11 hell hogs
  5 death knights
  37 two-headed ogres
  Urug (D:14)
  6 deep troll earth magi
  2 orc high priests (Orc:2)
  A satyr (shapeshifter) (Vaults:5)
  A titan zombie (Crypt:3)
  4 thrashing horrors
  2 satyrs (Abyss:4)
  24 deep elf knights
  9 spriggan berserkers
  2 titan skeletons
  25 hell knights
  Nergalle (Lair:4)
  10 sun demons
  An iron golem (Hell)
  6 soul eaters
  3 wretched stars
  9 sixfirhies
  10 small abominations
  A shadow wraith (Crypt:2)
  The ghost of Deemzul the Cleaver, a novice HOFi of Beogh (D:7)
  A fire crab (shapeshifter) (Elf:1)
  25 skeletal warriors
  2 storm dragon skeletons
  4 spriggan druids
  A deep troll (shapeshifter) (D:14)
  A golden dragon zombie (Crypt:3)
  3 anaconda zombies
  7 flayed ghosts
  5 glowing orange brains
  A spatial maelstrom (Abyss:5)
  A death drake (Abyss:4)
  3 wizards
  A quicksilver dragon simulacrum (Depths:5)
  2 shambling mangroves
  9 unseen horrors
  A shadow demon (Abyss:3)
  34 deep trolls
  15 deep elf archers
  A shadow dragon zombie (Vaults:3)
  2 orange crystal statues
  A lindwurm (Lair:6)
  5 harpies (Vaults:3)
  15 ironbrand convokers
  10 swamp dragons
  18 phantasmal warriors
  A wolf spider zombie (D:15)
  An iron dragon zombie (Hell)
  Pikel (D:7)
  A wolf spider (shapeshifter) (Elf:3)
  A tengu skeleton (Vaults:2)
  17 necromancers
  7 orc sorcerers
  16 orb spiders
  58 deep elf magi
  20 orc knights
  14 ugly things
  A manticore (shapeshifter) (Depths:1)
  A shining eye (shapeshifter) (Depths:3)
  2 fire giant zombies (Crypt:3)
  11 manticores
  2 shining eyes
  7 oklob plants
  7 worldbinders
  7 cyclopes
  19 elephants
  19 wolf spiders
  40 moths of wrath
  2 iron dragon skeletons
  5 eyes of devastation
  2 apocalypse crabs (Abyss:2)
  5 guardian serpents
  15 rust devils
  2 elephants (shapeshifter)
  2 water nymphs (Abyss:4)
  A dire elephant zombie (Crypt:3)
  A guardian serpent (shapeshifter) (Depths:1)
  14 vault sentinels
  10 black mambas
  A frost giant skeleton (Vaults:4)
  2 smoke demons
  3 ice statues
  8 torpor snails
  3 orange demons
  A black draconian zombie (Crypt:1)
  20 spiny frogs
  2 rime drakes
  3 gargoyles
  2 dire elephant skeletons
  3 hellions
  3 kobold demonologists
  79 yaktaurs
  5 efreet
  6 komodo dragons
  4 tengu conjurers
  8 freezing wraiths
  4 ice devils
  An alligator snapping turtle skeleton (Crypt:2)
  11 red devils
  10 demonic crawlers
  A guardian mummy (Crypt:1)
  4 hydra zombies (Hell)
  5 ancient zymes
  3 queen bees
  2 trolls (shapeshifter)
  A hornet (shapeshifter) (Vaults:5)
  A harpy skeleton (D:15)
  12 trolls
  A jumping spider (shapeshifter) (Vaults:3)
  34 hornets
  3 meliai (D:12)
  2 fire dragon zombies (Crypt:3)
  A tyrant leech (shapeshifter) (D:14)
  55 saltlings (Desolation)
  21 jumping spiders
  111 slime creatures
  9 blink frogs
  An iron dragon simulacrum (Abyss:2)
  2 ettin zombies
  14 tyrant leeches
  9 raiju
  14 bog bodies
  An alligator zombie (Hell)
  9 hippogriffs
  A redback (shapeshifter) (Vaults:5)
  Sigmund (D:4)
  84 redbacks
  4 air elementals
  29 flying skulls
  21 spriggans
  5 shadows
  6 water elementals
  19 starcursed masses
  26 tarantellas
  4 ynoxinuls
  20 wyverns
  An ettin skeleton (Crypt:3)
  15 wraiths
  A tarantella (shapeshifter) (Vaults:1)
  A vampire (D:13)
  40 yaks
  3 basilisks
  8 golden eyes
  A golden eye (shapeshifter) (Abyss:3)
  A yak (shapeshifter) (Vaults:4)
  2 basilisks (shapeshifter) (Vaults:2)
  11 fire elementals
  4 neqoxecs
  2 chaos spawn
  A steam dragon (Lair:4)
  5 hungry ghosts
  2 hogs (Lair:4)
  12 vampire mosquitoes
  3 spatial vortices (Abyss:5)
  Menkaure (D:5)
  10 wargs
  A swamp worm (shapeshifter) (Depths:3)
  8 swamp worms
  24 insubstantial wisps
  3 acid dragons
  A spiny frog zombie (Hell)
  33 water moccasins
  7 porcupines
  A two-headed ogre skeleton (Crypt:1)
  A black bear (D:11)
  10 hell hounds
  2 floating eyes
  6 ice beasts
  A spiny frog skeleton (Hell)
  3 sky beasts
  37 orc warriors
  An alligator simulacrum (Hell)
  15 eyes of draining
  4 phantoms
  19 swamp drakes
  5 ettin simulacra
  54 ogres
  A hornet zombie (D:8)
  13 wolves
  An eye of draining (shapeshifter) (Vaults:1)
  2 boggarts
  5 necrophages
  3 human zombies
  A swamp dragon skeleton (Crypt:3)
  15 crocodiles
  16 centaurs
  A crocodile (shapeshifter) (D:15)
  A hog skeleton (Crypt:1)
  4 big kobolds
  20 bullfrogs
  2 spiny frog simulacra
  5 human skeletons
  An earth elemental (Elf:2)
  A cyclops skeleton (Crypt:1)
  6 scorpions
  A shapeshifter zombie (Crypt:1)
  A polar bear zombie (Crypt:1)
  A troll zombie (D:12)
  6 jellies
  69 killer bees
  A raiju skeleton (Crypt:1)
  3 wights (Abyss:3)
  4 electric eels
  A howler monkey (D:5)
  11 crimson imps
  6 centaur zombies
  A gnoll shaman (D:9)
  7 hounds
  2 quasits (Abyss:4)
  A bullfrog zombie (D:6)
  2 bullfrog skeletons
  16 orc priests
  4 centaur skeletons
  2 iron imps
  22 orc wizards
  2 iguanas
  15 hell rats
  5 worker ants
  Natasha (thrice) (D:4)
  A porcupine skeleton (Crypt:2)
  A killer bee zombie (D:7)
  5 ogre zombies (D:12)
  A big kobold skeleton (Crypt:2)
  A deep dwarf skeleton (Crypt:2)
  A demigod skeleton (Crypt:2)
  A dwarf skeleton (Crypt:2)
  A hound zombie (D:9)
  An ogre skeleton (Crypt:3)
  5 mummies (Crypt:1)
  A worker ant zombie (D:8)
  5 gnolls (D:9)
  17 adders
  16 river rats
  2 shadow imps
  5 white imps
  An ufetubus (Depths:1)
  An adder zombie (D:8)
  A lava snake skeleton (Crypt:1)
  A worm (D:4)
  A barachi skeleton (Crypt:2)
  A barachi zombie (Crypt:1)
  A dart slug (D:2)
  8 leopard geckos
  100 orcs
  5 giant cockroaches
  3 gnoll zombies
  5 hobgoblins
  9 jackals
  30 kobolds
  13 quokkas
  A ball python skeleton (Crypt:2)
  7 bats
  7 frilled lizards
  6 goblins
  A goblin skeleton (D:12)
  A hobgoblin skeleton (D:12)
  3 hobgoblin zombies (D:12)
  2 leopard gecko skeletons
  A leopard gecko zombie (D:9)
  3 orc skeletons (D:12)
  11 orc zombies (D:12)
  A quokka skeleton (D:4)
  17 rats
  A river rat skeleton (Crypt:2)
  3 briar patches (Abyss:4)
  A butterfly (Lair:1)
  7 crawling corpses (Vaults:5)
  2 fungi
  3 pillars of salt (Vaults:3)
  8 plants
  9 starspawn tentacles
3216 creatures vanquished.

Vanquished Creatures (others)
  An Orb Guardian (Zot:5)
  A tengu reaver (Vaults:5)
  A yellow draconian (Zot:4)
  A spark wasp (Depths:3)
  A great orb of eyes (Vaults:1)
  An ogre mage (Orc:2)
  2 hell hogs (Hell)
  2 dancing weapons (Elf:2)
  A hell knight (Hell)
  A quicksilver dragon simulacrum (Depths:5)
  A wizard (Swamp:4)
  2 deep elf magi
  A freezing wraith (Hell)
  A tormentor (Hell)
  A jumping spider (Spider:3)
  A hornet (Swamp:4)
  A slime creature (Slime:5)
  A spriggan (Swamp:4)
  A human (Lair:4)
  2 wargs (Vaults:5)
  A slave (D:7)
  A hound (D:7)
  A worker ant (D:7)
  An orc wizard (Orc:2)
  A small abomination (Abyss:2)
  A killer bee zombie (D:7)
  An adder zombie (D:7)
  A kobold (D:7)
  A briar patch (Abyss:4)
  A bush (Lair:6)
  A crawling corpse (Vaults:5)
  29 fungi
  A lurking horror (Abyss:4)
  50 plants
  6 starspawn tentacles
  4 tentacles (Hell)
  5 toadstools (Swamp:2)
130 creatures vanquished.

Grand Total: 3346 creatures vanquished

Notes
Turn   | Place    | Note
-------+----------+-------------------------------------------
     0 | D:1      | Majang the Demonspawn Fighter began the quest for the Orb.
     0 | D:1      | Reached XP level 1. HP: 18/18 MP: 1/1
   227 | D:1      | Gained mutation: You sometimes gain a little power by taking damage. [demonic ancestry]
   227 | D:1      | Reached XP level 2. HP: 24/24 MP: 2/2
   499 | D:2      | Reached XP level 3. HP: 25/29 MP: 3/3
   861 | D:2      | Found a stormy altar of Qazlal.
   862 | D:2      | Found a shimmering altar of Xom.
   863 | D:2      | Found a glowing silver altar of Zin.
   863 | D:2      | Found an ancient bone altar of Kikubaaqudgha.
   980 | D:2      | Found a snail-covered altar of Cheibriados.
   988 | D:2      | Became a worshipper of Cheibriados the Contemplative
  1029 | D:2      | Reached skill level 1 in Dodging
  1041 | D:2      | Reached skill level 1 in Throwing
  1041 | D:2      | Gained mutation: You are surrounded by a mild repulsion field. (EV +2) [demonic ancestry]
  1041 | D:2      | Reached XP level 4. HP: 35/35 MP: 4/4
  1514 | D:3      | You fall through a shaft for 2 floors!
  1514 | D:5      | Entered Level 5 of the Dungeon
  1566 | D:3      | Reached * piety under Cheibriados
  1871 | D:3      | Reached XP level 5. HP: 41/41 MP: 5/5
  1887 | D:3      | Reached skill level 1 in Invocations
  1961 | D:3      | Reached ** piety under Cheibriados
  2239 | D:4      | Gained mutation: You are surrounded by a moderate repulsion field. (EV +3) [demonic ancestry]
  2239 | D:4      | Reached XP level 6. HP: 47/47 MP: 7/7
  2309 | D:4      | Noticed Natasha
  2315 | D:4      | Killed Natasha
  2380 | D:4      | Noticed Natasha
  2391 | D:4      | Killed Natasha
  2414 | D:4      | Noticed Sigmund
  2431 | D:4      | Killed Sigmund
  2431 | D:4      | Reached skill level 4 in Fighting
  2431 | D:4      | Reached XP level 7. HP: 6/54 MP: 8/8
  2753 | D:4      | Found a staircase to the Ecumenical Temple.
  2762 | Temple   | Entered the Ecumenical Temple
  2907 | D:4      | Noticed Natasha
  2913 | D:4      | Killed Natasha
  3383 | D:5      | Found Yqoro's Magic Scroll Emporium.
  3533 | D:5      | Noticed Menkaure
  3535 | D:5      | Killed Menkaure
  3535 | D:5      | Gained mutation: You have a pair of small horns on your head. [demonic ancestry]
  3535 | D:5      | Reached XP level 8. HP: 32/61 MP: 10/10
  3931 | D:5      | Reached skill level 5 in Axes
  4312 | D:6      | Reached *** piety under Cheibriados
  4457 | D:6      | Reached skill level 5 in Fighting
  5134 | D:7      | Noticed Pikel
  5150 | D:7      | Killed Pikel
  5150 | D:7      | Reached skill level 5 in Invocations
  5150 | D:7      | Reached XP level 9. HP: 68/68 MP: 12/12
  5262 | D:7      | Found Fuinge's Assorted Antiques.
  5271 | D:7      | Found a deep blue altar of Sif Muna.
  5375 | D:7      | Reached **** piety under Cheibriados
  5411 | D:7      | Found a hazy altar of Hepliaklqana.
  5411 | D:7      | Found a sparkling altar of Nemelex Xobeh.
  5468 | D:7      | Found Uptiuw's Antique Weapon Shop.
  5521 | D:7      | Found a basalt altar of Yredelemnul.
  5669 | D:7      | Reached skill level 5 in Shields
  5720 | D:7      | Found Cenean's Gadget Boutique.
  5720 | D:7      | Noticed Deemzul's ghost (novice HOFi)
  5730 | D:7      | Killed Deemzul's ghost
  5730 | D:7      | Reached skill level 5 in Armour
  5886 | D:7      | Found a glowing golden altar of the Shining One.
  5887 | D:7      | Found a shattered altar of Ashenzari.
  6014 | D:7      | Upgraded the game from 0.22-a0-388-g09e6169d0a to 0.22-a0-392-g5dc3fd9af9
  6268 | D:8      | Noticed a queen bee
  6281 | D:8      | Killed a queen bee
  6281 | D:8      | Gained mutation: You sometimes gain power by taking damage. [demonic ancestry]
  6281 | D:8      | Reached XP level 10. HP: 43/76 MP: 9/14
  6316 | D:8      | Reached skill level 6 in Fighting
  7107 | D:8      | Noticed Maurice
  7392 | D:9      | Noticed a two-headed ogre
  7396 | D:9      | Killed a two-headed ogre
  7396 | D:9      | Reached skill level 5 in Throwing
  7413 | D:9      | Found an ornate altar of the Wu Jian Council.
  7499 | D:9      | Reached skill level 5 in Dodging
  7664 | D:9      | Reached ***** piety under Cheibriados
  7845 | D:10     | Entered Level 10 of the Dungeon
  7996 | D:10     | Noticed an orc knight
  7997 | D:10     | Noticed a purple ugly thing
  8025 | D:10     | Killed an orc knight
  8025 | D:10     | Gained mutation: When hurt, damage is shared between your health and your magic reserves. [demonic ancestry]
  8025 | D:10     | Reached XP level 11. HP: 28/83 MP: 16/16
  8034 | D:10     | Killed a purple ugly thing
  8759 | D:11     | Found a stormy altar of Qazlal.
  8805 | D:11     | Killed an unseen horror
  8805 | D:11     | Reached skill level 7 in Fighting
  8844 | D:11     | Noticed a two-headed ogre
  8855 | D:11     | Killed a two-headed ogre
  9298 | D:11     | Found a staircase to the Lair.
  9656 | D:12     | Noticed a red ugly thing
  9664 | D:12     | Killed a red ugly thing
  9797 | D:12     | Found a flagged portal.
  9799 | D:12     | Killed an unseen horror
  9804 | Bailey   | Entered a bailey
  9837 | Bailey   | Noticed a deep elf mage
  9842 | Bailey   | Killed a deep elf mage
  9853 | Bailey   | Noticed a deep elf mage
  9855 | Bailey   | Noticed a deep elf mage
  9866 | Bailey   | Noticed a deep elf mage
  9874 | Bailey   | Killed a deep elf mage
  9875 | Bailey   | Noticed a deep elf mage
  9880 | Bailey   | Noticed a sun demon
  9881 | Bailey   | Killed a deep elf mage
  9881 | Bailey   | Gained mutation: You regenerate magic rapidly. [demonic ancestry]
  9881 | Bailey   | Reached XP level 12. HP: 66/91 MP: 10/18
 10137 | D:12     | Reached skill level 8 in Fighting
 10137 | D:12     | Reached skill level 10 in Axes
 10388 | D:12     | Reached ****** piety under Cheibriados
 10425 | D:12     | Found a staircase to the Orcish Mines.
 10567 | D:12     | Noticed a death knight
 10589 | D:12     | Killed a death knight
 10853 | Orc:1    | Entered Level 1 of the Orcish Mines
 11000 | Orc:2    | Entered Level 2 of the Orcish Mines
 11096 | Orc:2    | Found a staircase to the Elven Halls.
 11135 | Orc:2    | Noticed an orc high priest
 11139 | Orc:2    | Reached skill level 10 in Invocations
 11144 | Orc:2    | Killed an orc high priest
 11152 | Orc:2    | Gained mutation: You are powered by pain. [demonic ancestry]
 11152 | Orc:2    | Reached XP level 13. HP: 11/99 MP: 1/20
 11154 | Orc:2    | HP: 2/99 [deep troll (9)]
 11489 | Orc:1    | Noticed an ettin
 11501 | Orc:1    | Killed an ettin
 11545 | Orc:1    | Found a shimmering altar of Xom.
 11862 | Orc:2    | Found Zedan's Book Shoppe.
 11976 | Orc:2    | Reached skill level 9 in Fighting
 12012 | Orc:2    | Noticed an ettin
 12033 | Orc:2    | Killed an ettin
 12080 | Orc:2    | Found Bianill's Book Shoppe.
 12082 | Orc:2    | Found Pucvoudi's Gadget Emporium.
 12137 | Orc:2    | Found Guiloumu's Food Boutique.
 12150 | Orc:2    | Found Mehirche's Magic Scroll Shoppe.
 12158 | Orc:2    | Bought a scroll of identify for 32 gold pieces
 12158 | Orc:2    | Bought a scroll of identify for 32 gold pieces
 12158 | Orc:2    | Bought a scroll of identify for 32 gold pieces
 12158 | Orc:2    | Bought a scroll of identify for 32 gold pieces
 12158 | Orc:2    | Bought a scroll of enchant weapon for 120 gold pieces
 12158 | Orc:2    | Bought a scroll of enchant weapon for 120 gold pieces
 12247 | Orc:2    | Gained mutation: You are surrounded by a strong repulsion field. (EV +4, RMsl) [demonic ancestry]
 12247 | Orc:2    | Reached XP level 14. HP: 108/108 MP: 21/21
 12541 | Lair:1   | Entered Level 1 of the Lair of Beasts
 14378 | Lair:2   | Found a deep blue altar of Sif Muna.
 14774 | Lair:3   | Reached skill level 10 in Fighting
 15685 | Lair:3   | Found a staircase to the Swamp.
 15859 | Lair:4   | Noticed Kirke
 15869 | Lair:4   | Killed Kirke
 16071 | Lair:4   | Found a hole to the Spider Nest.
 16142 | Lair:4   | Gained mutation: You have a pair of horns on your head. [demonic ancestry]
 16142 | Lair:4   | Reached XP level 15. HP: 117/117 MP: 22/22
 16189 | Lair:4   | Noticed Nergalle
 16195 | Lair:4   | Killed Nergalle
 17340 | Lair:6   | Entered Level 6 of the Lair of Beasts
 17630 | Lair:6   | Found a runed door.
 17728 | Lair:6   | Reached skill level 10 in Armour
 17757 | Lair:6   | Got an encrusted cloak
 17771 | Lair:6   | Identified the cursed +0 cloak "Tageank" {rElec} (You found it on level 6 of the Lair of Beasts)
 17911 | Lair:6   | Found a viscous altar of Jiyva.
 17926 | Lair:6   | Found a staircase to the Slime Pits.
 18020 | Lair:6   | Reached skill level 11 in Fighting
 18866 | D:13     | Reached skill level 10 in Throwing
 19190 | D:13     | Reached skill level 10 in Dodging
 19613 | Swamp:1  | Entered Level 1 of the Swamp
 19775 | Swamp:1  | HP: 5/119 [poison (poison gas)]
 19780 | Swamp:1  | HP: 5/119 [poison (poison gas)]
 19785 | Swamp:1  | HP: 4/119 [poison (poison gas)]
 19793 | Swamp:1  | HP: 4/119 [poison (poison gas)]
 19800 | Swamp:1  | HP: 5/119 [five-headed hydra (1)]
 20025 | Swamp:1  | Reached XP level 16. HP: 103/126 MP: 18/23
 20434 | Swamp:1  | Gained mutation: You have an increased reservoir of magic. (+10% MP) [potion of mutation]
 20434 | Swamp:1  | Gained mutation: You evolve. [potion of mutation]
 20655 | Swamp:1  | You fall through a shaft!
 20742 | Swamp:2  | Noticed Frances
 20884 | Swamp:1  | Gained mutation: You are resistant to electric shocks. (rElec) [evolution]
 21419 | Swamp:2  | Noticed a thorn hunter
 21429 | Swamp:2  | Killed a thorn hunter
 21569 | Swamp:2  | Killed Frances
 22045 | Swamp:2  | Noticed Louise
 22057 | Swamp:2  | Killed Louise
 22362 | Lair:6   | Reached skill level 12 in Fighting
 22861 | Swamp:3  | Reached skill level 15 in Axes
 23320 | Swamp:3  | Gained mutation: You expend magic power (3 MP) to strengthen your wands. [evolution]
 23320 | Swamp:3  | Lost mutation: You evolve. [end of evolution]
 23555 | Swamp:4  | Entered Level 4 of the Swamp
 24232 | Swamp:4  | Gained mutation: You have a pair of large horns on your head. [demonic ancestry]
 24232 | Swamp:4  | Reached XP level 17. HP: 121/135 MP: 26/26
 24701 | Swamp:4  | Got a decaying rune of Zot
 25027 | Spider:1 | Entered Level 1 of the Spider Nest
 25042 | Spider:1 | Noticed Agnes
 25064 | Spider:1 | Killed Agnes
 26111 | Spider:1 | Upgraded the game from 0.22-a0-392-g5dc3fd9af9 to 0.22-a0-393-g7f50228948
 26563 | Spider:2 | Reached skill level 13 in Fighting
 27451 | Spider:3 | Noticed Nikola
 27461 | Spider:3 | Killed Nikola
 27643 | Spider:3 | Got a wavering lapis lazuli ring
 27644 | Spider:3 | Identified the ring of Satisfaction {Fire Dex+5} (You found it on level 3 of the Spider Nest)
 27871 | Spider:3 | Noticed noidea's ghost (adept TrMo)
 27883 | Spider:3 | Killed noidea's ghost
 28241 | Spider:4 | Entered Level 4 of the Spider Nest
 28243 | Spider:4 | Identified a scroll of acquirement
 28258 | Spider:4 | Noticed loom's ghost (adept DrCj)
 28279 | Spider:4 | Killed loom's ghost
 28582 | Spider:4 | Reached XP level 18. HP: 137/144 MP: 28/28
 28941 | Spider:4 | Got a gossamer rune of Zot
 29309 | D:14     | Found a gate to the Vaults.
 29931 | D:15     | Entered Level 15 of the Dungeon
 30046 | D:15     | Found Zyucwaal's Distillery.
 30054 | D:15     | Bought a potion of heal wounds for 75 gold pieces
 30054 | D:15     | Bought a potion of curing for 45 gold pieces
 30054 | D:15     | Bought a potion of might for 60 gold pieces
 30054 | D:15     | Bought a potion of curing for 45 gold pieces
 30054 | D:15     | Bought a potion of heal wounds for 75 gold pieces
 30054 | D:15     | Bought a potion of mutation for 120 gold pieces
 30446 | D:15     | Found a staircase to the Depths.
 31225 | Vaults:1 | Entered Level 1 of the Vaults
 31428 | Vaults:1 | Noticed a lich
 31436 | Vaults:1 | Killed a lich
 31598 | Vaults:1 | Reached skill level 14 in Fighting
 32408 | Vaults:1 | Gained mutation: When low on magic, you restore magic in place of health. [demonic ancestry]
 32408 | Vaults:1 | Reached XP level 19. HP: 152/152 MP: 29/29
 32483 | Vaults:1 | Found Yzot's Book Boutique.
 34299 | Vaults:2 | Noticed Xtahua
 34311 | Vaults:2 | Killed Xtahua
 34787 | Vaults:2 | Noticed a caustic shrike
 34803 | Vaults:2 | Killed a caustic shrike
 34888 | Vaults:2 | Found Zudwilug's Assorted Antiques.
 34896 | Vaults:2 | Bought a brightly glowing chain mail for 323 gold pieces
 34896 | Vaults:2 | Bought a scroll of identify for 68 gold pieces
 34896 | Vaults:2 | Bought a potion of ambrosia for 272 gold pieces
 34896 | Vaults:2 | Identified the cursed +1 chain mail of the Untouchables {+Blink rC+} (You bought it in a shop on level 2 of the Vaults)
 34971 | Vaults:3 | Reached skill level 15 in Fighting
 35123 | Vaults:3 | Found Plog's Weapon Shoppe.
 35196 | Vaults:3 | Found a ruined gateway.
 35205 | Desolati | Entered the Desolation of Salt
 35277 | Desolati | Got a pair of ichor-stained boots
 35282 | Desolati | Got a twitching amber ring
 35283 | Desolati | Identified the +1 pair of boots of Instinct {+Fly rPois} (You found it in the Desolation of Salt)
 35308 | Desolati | Identified the ring "Jiqit" {+Fly MR+} (You found it in the Desolation of Salt)
 35502 | Desolati | Reached XP level 20. HP: 149/163 MP: 30/30
 35765 | Desolati | Got a crude steel ring
 35793 | Desolati | Got a distressingly furry cloak
 35798 | Desolati | Got a pair of heavily runed gloves
 35809 | Desolati | Identified the +1 cloak "Zengua" {+Fly rN+ Regen+ MP+9} (You found it in the Desolation of Salt)
 35819 | Desolati | Identified the +2 pair of gloves of the Evening {rElec rPois rC- rCorr} (You found it in the Desolation of Salt)
 35823 | Desolati | Identified the ring of the Priest {Dex+4 Stlth+} (You found it in the Desolation of Salt)
 36546 | Vaults:3 | Found a staircase to the Crypt.
 36546 | Vaults:3 | Found a basalt altar of Yredelemnul.
 36547 | Vaults:3 | Found an ancient bone altar of Kikubaaqudgha.
 36909 | Vaults:3 | Reached skill level 16 in Fighting
 37408 | Vaults:4 | Reached skill level 15 in Armour
 37791 | Vaults:4 | Noticed Frederick
 37799 | Vaults:4 | Killed Frederick
 38048 | Vaults:4 | Reached skill level 10 in Shields
 38464 | D:14     | Noticed Urug
 38472 | D:14     | Killed Urug
 38580 | Depths:1 | Entered Level 1 of the Depths
 38582 | Depths:1 | Found Birien's Distillery.
 38584 | Depths:1 | Found Tumuh's Assorted Antiques.
 38586 | Depths:1 | Found Wugod's Food Boutique.
 38601 | Depths:1 | Bought a potion of heal wounds for 90 gold pieces
 38601 | Depths:1 | Bought a potion of heal wounds for 90 gold pieces
 38601 | Depths:1 | Bought a potion of heal wounds for 90 gold pieces
 38708 | Depths:1 | Reached skill level 15 in Dodging
 38755 | Depths:1 | Noticed the Enchantress
 38779 | Depths:1 | Found a gateway to Hell.
 38786 | Depths:1 | Killed the Enchantress
 38786 | Depths:1 | Reached XP level 21. HP: 114/172 MP: 32/32
 40316 | Lair:3   | Got a scorched zirconium amulet
 40317 | Lair:3   | Identified the amulet "Muuh" {Spirit rF- rC+ MR+} (You found it on level 3 of the Lair of Beasts)
 40641 | Depths:2 | Noticed a golden dragon
 40657 | Depths:2 | Killed a golden dragon
 40885 | Depths:2 | Upgraded the game from 0.22-a0-393-g7f50228948 to 0.22-a0-396-g3f858e37d3
 40946 | Depths:2 | Found a one-way gate leading to the halls of Pandemonium.
 40987 | Depths:2 | Found Bugget's Jewellery Shop.
 41069 | Depths:2 | Noticed Bai Suzhen
 41082 | Depths:2 | Killed Bai Suzhen
 41509 | Depths:2 | Reached skill level 17 in Fighting
 42175 | Depths:3 | Noticed a golden dragon
 42177 | Depths:3 | Paralysed by a floating eye for 3 turns
 42182 | Depths:3 | Noticed a juggernaut
 42197 | Depths:3 | Killed a juggernaut
 42198 | Depths:3 | Killed a golden dragon
 42312 | Depths:3 | Got a scorched chain mail
 42313 | Depths:3 | Identified the +5 chain mail of Ennui {-Cast rPois Str+4} (You took it off a tengu warrior on level 3 of the Depths)
 42326 | Depths:3 | Found a radiant altar of Vehumet.
 42387 | Depths:3 | Gained mutation: Your magical and physical power is slightly enhanced at high health. [demonic ancestry]
 42387 | Depths:3 | Reached XP level 22. HP: 173/182 MP: 34/34
 42658 | Depths:3 | Noticed a juggernaut
 42673 | Depths:3 | Killed a juggernaut
 42687 | Depths:3 | Noticed a golden dragon
 42693 | Depths:3 | Killed a golden dragon
 42930 | Depths:3 | Noticed Jorgrun
 42939 | Depths:3 | Killed Jorgrun
 43036 | Depths:3 | Gained mutation: Your spells are a little easier to cast, but a little less powerful. [a shining eye]
 43600 | Depths:4 | Reached skill level 18 in Fighting
 43685 | Depths:4 | Noticed a golden dragon
 43694 | Depths:4 | Killed a golden dragon
 43720 | Depths:4 | Noticed a caustic shrike
 43725 | Depths:4 | Killed a caustic shrike
 44383 | Depths:4 | Upgraded the game from 0.22-a0-396-g3f858e37d3 to 0.22-a0-398-g8bb545f033
 44475 | Depths:4 | Found a one-way gate to the infinite horrors of the Abyss.
 44507 | Depths:5 | Entered Level 5 of the Depths
 44633 | Depths:5 | Gained mutation: Your magical and physical power is enhanced at high health. [demonic ancestry]
 44633 | Depths:5 | Reached XP level 23. HP: 168/190 MP: 36/36
 44783 | Depths:5 | Paralysed by a great orb of eyes for 2 turns
 44928 | Depths:5 | Found an iron altar of Okawaru.
 44930 | Depths:5 | Paralysed by a floating eye for 3 turns
 45182 | Depths:5 | Found a sacrificial altar of Ru.
 45359 | Depths:5 | Found an ornate altar of the Wu Jian Council.
 45361 | Depths:5 | Found a gateway to a ziggurat.
 45510 | Depths:5 | Found a shimmering altar of Xom.
 45642 | Depths:5 | Found a gate to the Realm of Zot.
 45949 | Elf:1    | Entered Level 1 of the Elven Halls
 46115 | Elf:1    | Identified the Tome of Arcane Weapons
 46923 | Elf:2    | Gained mutation: Your magical and physical power is greatly enhanced at high health. [demonic ancestry]
 46923 | Elf:2    | Reached XP level 24. HP: 185/200 MP: 36/36
 47027 | Elf:2    | Reached skill level 19 in Fighting
 47194 | Elf:2    | Found Xisifire's Weapon Shop.
 47706 | Elf:2    | Found a huge runed gate.
 47708 | Elf:2    | Found a huge runed gate.
 47711 | Elf:2    | Found a huge runed gate.
 48079 | Elf:3    | Entered Level 3 of the Elven Halls
 49079 | Elf:3    | Found the +3 giant club "Skullcrusher" {speed, Str+7}
 49093 | Elf:3    | Identified the Reference Book on Supportive Snow
 49138 | Elf:3    | Identified Kikubaaqudgha's Almanac of Sinister Rites
 49144 | Elf:3    | Got a fine brass amulet
 49148 | Elf:3    | Identified the amulet of Sim Vonn {Harm *Drain +Blink rPois rC- Str+10} (You found it on level 3 of the Elven Halls)
 49156 | Elf:3    | Got a twitching amethyst amulet
 49157 | Elf:3    | Identified the amulet "Doijicoy" {Reflect rF- Int+7 Dex+6 SH+3} (You found it on level 3 of the Elven Halls)
 49549 | Depths:1 | Bought 2 scrolls of identify for 140 gold pieces
 49549 | Depths:1 | Bought a pair of glowing gloves for 262 gold pieces
 49549 | Depths:1 | Bought a scroll of teleportation for 105 gold pieces
 49549 | Depths:1 | Bought a scroll of fog for 70 gold pieces
 49798 | Vaults:5 | Entered Level 5 of the Vaults
 49800 | Vaults:5 | Noticed an ancient lich
 49811 | Vaults:5 | Killed an ancient lich
 49901 | Vaults:5 | Noticed Boris
 49913 | Vaults:5 | Killed Boris
 49939 | Vaults:5 | Reached skill level 20 in Fighting
 49942 | Vaults:5 | Noticed an ancient lich
 49942 | Vaults:5 | Reached XP level 25. HP: 126/210 MP: 6/36
 49957 | Vaults:5 | Killed an ancient lich
 50296 | Vaults:5 | Got a wavering iron amulet
 50322 | Vaults:5 | Got a silver rune of Zot
 50771 | Vaults:5 | Reached skill level 15 in Shields
 50818 | Vaults:5 | Noticed Margery
 50831 | Vaults:5 | Killed Margery
 51227 | Vaults:5 | Got a translucent wooden ring
 51400 | Vaults:5 | Got a brightly glowing ruby amulet
 51401 | Vaults:5 | Identified the ring "Yjops" {+Fly rPois Str+4} (You found it on level 5 of the Vaults)
 51402 | Vaults:5 | Identified the amulet "Esatycai" {Harm *Drain rElec rF+ MR+ Int-4} (You took it off a yaktaur on level 5 of the Vaults)
 51404 | Vaults:5 | Identified the amulet of Kukyust {Inacc rElec rN+} (You found it on level 5 of the Vaults)
 51417 | Vaults:5 | Found the +4 Vampire's Tooth {vamp}
 51424 | Vaults:5 | Identified the Incunabulum of Bewitchment and Transmutation
 51855 | Depths:4 | Voluntarily entered the Abyss.
 51869 | Abyss:1  | Found a corrupted altar of Lugonu.
 51897 | Abyss:2  | Found a corrupted altar of Lugonu.
 52111 | Abyss:2  | Reached skill level 21 in Fighting
 52603 | Abyss:2  | Found a corrupted altar of Lugonu.
 52650 | Abyss:2  | Paralysed by accursed screaming for 1 turns
 52654 | Abyss:2  | Paralysed by accursed screaming for 1 turns
 52876 | Abyss:3  | Reached XP level 26. HP: 222/222 MP: 36/36
 53183 | Abyss:4  | Got an abyssal rune of Zot
 53194 | Abyss:5  | Entered Level 5 of the Abyss
 53213 | Depths:4 | Escaped the Abyss
 53298 | Hell     | Entered the Vestibule of Hell
 53298 | Hell     | Noticed Geryon
 53315 | Hell     | Gained mutation: You tend to lose your temper in combat. [a cacodemon]
 53322 | Hell     | Killed Geryon
 53728 | Hell     | Found a gateway to the ashen valley of Gehenna.
 53862 | Hell     | Found a gateway to the Iron City of Dis.
 53923 | Hell     | Found a gateway to the freezing wastes of Cocytus.
 54027 | Hell     | Found a gateway to the decaying netherworld of Tartarus.
 54501 | Crypt:1  | Entered Level 1 of the Crypt
 55321 | Crypt:1  | Reached skill level 22 in Fighting
 55324 | Crypt:1  | Found a basalt altar of Yredelemnul.
 55395 | Crypt:1  | Got an ancient tin ring
 55396 | Crypt:1  | Identified the ring of Xulist {Ice rPois Dex+4} (You found it on level 1 of the Crypt)
 55973 | Crypt:2  | Reached XP level 27. HP: 192/231 MP: 36/36
 56133 | Crypt:3  | Entered Level 3 of the Crypt
 56247 | Crypt:3  | Found the +5 scythe "Finisher" {speed, Str+3}
 56537 | Crypt:3  | Found a basalt altar of Yredelemnul.
 56538 | Crypt:3  | Noticed an ancient lich
 56544 | Crypt:3  | Killed an ancient lich
 56775 | Crypt:3  | Found a staircase to the Tomb.
 56791 | Crypt:3  | Got a steaming bone amulet
 56791 | Crypt:3  | Got a scintillating silver ring
 56800 | Crypt:3  | Identified the amulet "Ugautuy" {rC+ Regen+} (You found it on level 3 of the Crypt)
 56804 | Crypt:3  | Identified the ring "Fuchek" {rPois rC+ rN+ Int+2} (You found it on level 3 of the Crypt)
 57391 | Depths:5 | Noticed Sojobo
 57423 | Depths:5 | Killed Sojobo
 57470 | Zot:1    | Entered Level 1 of the Realm of Zot
 57581 | Zot:1    | Reached skill level 23 in Fighting
 59777 | Zot:3    | Reached skill level 15 in Throwing
 60602 | Zot:4    | Noticed an orb of fire
 60609 | Zot:4    | Killed an orb of fire
 60674 | Zot:4    | Found a transporter.
 60766 | Zot:4    | Reached skill level 24 in Fighting
 61182 | Zot:4    | Found a transporter.
 61300 | Zot:4    | Got a glittering granite ring
 61329 | Zot:4    | Identified the ring of Egunlope {Dex+5 Stlth+} (You found it on level 4 of the Realm of Zot)
 61382 | Zot:5    | Entered Level 5 of the Realm of Zot
 61889 | Zot:5    | Noticed an ancient lich
 61896 | Zot:5    | Killed an ancient lich
 62040 | Zot:5    | Noticed an ancient lich
 62069 | Zot:5    | Killed an ancient lich
 62085 | Zot:5    | Noticed an ancient lich
 62113 | Zot:5    | Noticed an ancient lich
 62121 | Zot:5    | Killed an ancient lich
 62125 | Zot:5    | Killed an ancient lich
 62135 | Zot:5    | Noticed an ancient lich
 62144 | Zot:5    | Killed an ancient lich
 62147 | Zot:5    | Noticed an ancient lich
 62159 | Zot:5    | Killed an ancient lich
 62228 | Zot:5    | Noticed an orb of fire
 62230 | Zot:5    | Gained mutation: Armour fits poorly on your strangely shaped body. [an orb of fire]
 62237 | Zot:5    | Killed an orb of fire
 62242 | Zot:5    | Noticed an ancient lich
 62254 | Zot:5    | Killed an ancient lich
 62294 | Zot:5    | Noticed an orb of fire
 62303 | Zot:5    | Lost mutation: You have an increased reservoir of magic. (+10% MP) [an orb of fire]
 62304 | Zot:5    | Killed an orb of fire
 62304 | Zot:5    | Reached skill level 25 in Fighting
 62362 | Zot:5    | Noticed an ancient lich
 62365 | Zot:5    | Noticed an orb of fire
 62374 | Zot:5    | Killed an orb of fire
 62392 | Zot:5    | Killed an ancient lich
 62631 | Zot:5    | Noticed an orb of fire
 62644 | Zot:5    | Killed an orb of fire
 62818 | Zot:5    | Noticed an ancient lich
 62823 | Zot:5    | Killed an ancient lich
 63350 | Slime:1  | Entered Level 1 of the Pits of Slime
 63924 | Slime:4  | Found a viscous altar of Jiyva.
 64206 | Slime:5  | Entered Level 5 of the Pits of Slime
 64283 | Slime:5  | Noticed the Royal Jelly
 64506 | Slime:5  | Killed the Royal Jelly
 64506 | Slime:5  | Reached skill level 26 in Fighting
 65423 | Slime:5  | Got a bound jade ring
 65504 | Slime:5  | Got a slimy rune of Zot
 65555 | Slime:5  | Identified the ring "Meph" {rElec rPois rC- SInv Stlth-} (You found it on level 5 of the Pits of Slime)
 66312 | Zot:5    | Got the Orb of Zot
 66602 | Depths:1 | Noticed Gamos the pandemonium lord
 66613 | Depths:1 | Gained mutation: You often lose your temper in combat. [a cacodemon]
 66619 | Depths:1 | Cast into level 5 of the Abyss (Gamos)
 66619 | Abyss:5  | Entered Level 5 of the Abyss
 66698 | Depths:1 | Escaped the Abyss
 66713 | Depths:1 | Killed Gamos the pandemonium lord
 66724 | Depths:1 | Gained mutation: You occasionally shout uncontrollably at your foes. [a cacodemon]
 66856 | D:12     | Noticed Tery the pandemonium lord
 66891 | D:12     | Paralysed by Tery for 7 turns
 66897 | D:12     | HP: 14/550 [Tery the pandemonium lord (20)]
 66897 | D:12     | Slain by Tery the pandemonium lord

Vault maps used:
D:1:      ncdulo_lavacross, minmay_tripent
D:2:      cheibriados_altar_1, grunt_temple_overflow_open, serial_glass,
          glass_columns_a, glass_columns_c, item_on_display_a,
          due_unseen_surprise, item_on_display_a
D:4:      minmay_temple_entry_trees, uniq_natasha, uniq_sigmund
D:5:      serial_shops, shop, first_ration, uniq_menkaure
D:6:      minmay_misc_feat_x
D:7:      lemuel_round_altar, lemuel_zombie_altar_yredelemnul,
          gammafunk_temple_overflow_elements, gammafunk_temple_overflow_pools,
          serial_shops, shop, shop, nicolae_shop_overgrown_old_shop,
          hangedman_decor_peaks_small, uniq_pikel
D:8:      david_nohive_1, serial_bayou_pond_b, uniq_maurice
D:9:      lemuel_doored_altar
D:10:     minmay_blocky_corners
D:11:     lair_entry_dummy, nicolae_qazlal_style_of_elements, uniq_urug
D:12:     zombieorc1_lemuel, enter_bailey_2, kennysheep_generic_room_12
D:14:     david_vaults_2
D:15:     grunt_enter_depths_snipers, minmay_misc_feat_ornament, serial_shops,
          shop
Temple:   eino_temple_lava
Lair:1:   lemuel_ratsnest, hibernation_bobbens, lemuel_fruit_fields,
          grunt_megastairs_1
Lair:2:   hangedman_what_comes_after_a, st_stairs_7, lemuel_centaur_altar
Lair:3:   minmay_swamp_entry_worms, minmay_lair_oklob_chamber,
          grunt_megastairs_4
Lair:4:   spider_nest_entry_a, uniq_nergalle, uniq_kirke
Lair:5:   cheibrodos_lair_reptile_den
Lair:6:   wormcave, hangedman_lair_tendril_chambers, slime_altar_1,
          lemuel_fruit_tree, infiniplex_staircase_pool
Swamp:1:  nicolae_swamp_little_tower, swamp_pool2, st_swamp_ruins_4
Swamp:2:  cheibrodos_swamp_tower_of_moss, infiniplex_staircase_pool_2,
          swamp_pool5, uniq_louise, uniq_frances
Swamp:3:  nicolae_swamp_stair_fork, swamp_pool1, nicolae_swamp_fairy_circle
Swamp:4:  swamp_basic_johnstein, swamp_pool1, grunt_witch_cave
Spider:1: uniq_agnes
Spider:3: uniq_nikola
Spider:4: grunt_spider_rune_circles
Slime:4:  cheibrodos_slime_lost_civilization_9, basic_altar
Orc:1:    basic_altar, mines2_lemuel
Orc:2:    st_orc_open, guppyfry_orc_lava_fort
Elf:1:    minmay_elf_annihilation, minivault_5
Elf:2:    serial_shops, nicolae_shop_window_shopping, hex_medium, minivault_15,
          minivault_28
Elf:3:    minmay_elf_hall_curves
Vaults:1: vaults_standard_mumra_enter_the_diamond, grunt_vaults_trifunnel,
          hangedman_vaults_snaps, vaults_room_grunt_arrival_ludios, v_rooms_4,
          hangedman_vaults_hat, vaults_room_stairs_pillars,
          nicolae_vaults_shelves_hall, nicolae_vaults_diagonal_hallway_7,
          ontoclasm_vaults_pinch, serial_shops, shop
Vaults:2: vaults_mumra_chevron, nicolae_vaults_big_angled_halls,
          nicolae_vaults_halls_meeting, vaults_room_hallway,
          ontoclasm_vaults_twist, vaults_room_stairs_pillars, v_misc_13,
          serial_shops, shop, uniq_xtahua
Vaults:3: vaults_mumra_lcd, nicolae_vaults_sealed_display,
          minmay_crypt_entry_necro_gods, nicolae_vaults_diagonal_hallway_7,
          nicolae_vaults_inception_scallops, nicolae_vaults_big_angled_halls,
          vaults_dpeg_encased_lava, v_misc_29, v_misc_19, ontoclasm_vaults_echo,
          vaults_mumra_minichess, nicolae_vaults_little_squares_2,
          dpeg_vaults_monster_box, portal_desolation_entry_garden, serial_shops,
          shop
Vaults:4: ontoclasm_vaults_shuriken, vaults_standard_mumra_x, v_misc_1,
          v_rooms_4, grunt_vaults_focal, vaults_room_door_ring, v_misc_17,
          ontoclasm_vaults_decontamination, hangedman_vaults_trim,
          vaults_room_semicircle, uniq_frederick
Vaults:5: uniq_boris, uniq_margery
Crypt:1:  gammafunk_crypt_yreds_forest, grunt_crypt_arrival_guarded_gate
Crypt:3:  cryptofortress_bobbens
Depths:1: corexii_corridor_pit, hell_entry, lightli_giant_bouncers,
          minmay_shop_star, serial_bayou_shore_a, uniq_enchantress
Depths:2: minmay_curly_fans, serial_shops, nicolae_shop_waterfront, pan_entry,
          special_room, infiniplex_staircase_x, hellmouth_1,
          minmay_misc_feat_nine_boxes, uniq_bai_suzhen
Depths:3: hangedman_cross_cluster, nicolae_lava_and_water, pan_entry,
          hell_entry, uniq_jorgrun
Depths:4: minmay_octo_star, marbit_kobold_abyss_entry, grunt_hell_entry_dis_mu,
          rand_demon_pan_entry_3, dk_noncrumbling_2
Depths:5: grunt_profane_halls, hell_entry, abyss_entry, uniq_sojobo
Zot:1:    zot_minivault_1
Zot:3:    nicolae_moth_party
Zot:4:    gammafunk_the_bubble
Zot:5:    grunt_ministairs_13, stair_cage_line, st_stairs_10
Abyss:3:  evilmike_nicolae_abyss_rune_containment_curve,
          hangedman_abyss_or_decor_jellyfish_corner
Abyss:4:  grunt_abyss_rune_forest_and_sorcery
Abyss:5:  bh_abyss_exit_spiral, hangedman_abyss_or_decor_jellyfish_corner,
          evilmike_abyss_exit_smiterflies, hangedman_eye_storm, abyss_exit_lava,
          hangedman_abyss_river_spirits, guppyfry_abyss_exit_imp_island,
          minivault_20, minivault_5
Bailey:   bailey_polearm_3, bailey

Skill      XL: |  1  2  3  4  5  6  7  8  9 10 11 12 13 14 15 16 17 18 19 20 21 22 23 24 25 26 27 |
---------------+----------------------------------------------------------------------------------+-----
Axes           | 2 3 4 6 7 8 9 10 11 12 14 15 16 17 18 19 | 19.0
Dodging        | 1 2 3 4 5 6 7 8 9 10 11 12 14 15 16 17 18 19 21 | 21.4
Throwing       | 1 2 3 4 5 6 7 8 9 10 11 12 13 17 | 17.2
Shields        | 3 4 5 6 7 8 9 10 11 12 13 14 15 16 19 | 19.0
Armour         | 3 4 5 6 7 8 9 10 11 12 13 14 15 16 17 18 19 20 22 | 22.7
Invocations    | 1 2 3 5 6 7 8 10 11 13 | 13.0
Fighting       | 4 5 6 7 8 9 10 11 12 13 14 15 16 17 18 20 21 22 26 | 26.3

Action                   |  1- 3 |  4- 6 |  7- 9 | 10-12 | 13-15 | 16-18 | 19-21 | 22-24 | 25-27 || total
-------------------------+-------+-------+-------+-------+-------+-------+-------+-------+-------++-------
Melee: War axe           |   122 |   157 |   256 |   722 |  1301 |  1056 |       |       |       ||  3614
       Unarmed           |       |       |     5 |       |       |       |       |       |       ||     5
       Headbutt          |       |       |    63 |   282 |   545 |   599 |   476 |   355 |   935 ||  3255
       Broad axe         |       |       |       |       |       |   436 |  1187 |   941 |  2319 ||  4883
Throw: Javelin           |       |     3 |    26 |    45 |    75 |   100 |    54 |       |    98 ||   401
       Tomahawk          |       |       |       |     2 |    13 |       |    46 |   110 |    71 ||   242
Invok: Slouch            |       |       |     1 |     6 |       |     1 |     1 |     3 |     6 ||    18
       Bend Time         |       |       |       |     3 |    10 |    22 |     3 |     1 |     2 ||    41
 Abil: Evoke Flight      |       |       |       |       |       |       |     1 |     2 |     2 ||     5
       Stop Flying       |       |       |       |       |       |       |       |     1 |       ||     1
Evoke: Wand              |       |       |       |       |       |     1 |     5 |     7 |     1 ||    14
  Use: Scroll            |       |       |    13 |     7 |    12 |    11 |    16 |    20 |    26 ||   105
       Potion            |       |       |     1 |     7 |     6 |     5 |     2 |       |    13 ||    34
 Stab: Distracted        |       |       |       |       |       |     5 |     1 |     4 |     1 ||    11
       Sleeping          |       |       |       |       |       |     1 |       |       |       ||     1
       Paralysed         |       |       |       |       |       |       |       |       |     1 ||     1
  Eat: Ration            |     2 |       |       |     2 |       |     1 |     2 |     3 |     7 ||    17
       Chunk             |       |     2 |     6 |    11 |    20 |    23 |    15 |    14 |    12 ||   103
Armor: Scale mail        |    60 |    73 |       |       |       |       |       |       |       ||   133
       Chain mail        |       |       |    27 |       |       |       |       |       |       ||    27
       Plate armour      |       |       |   101 |   247 |   378 |    36 |   213 |    12 |       ||   987
       Swamp dragon scal |       |       |       |       |       |   278 |       |       |       ||   278
       Gold dragon scale |       |       |       |       |       |       |       |   198 |   704 ||   902
       Skin              |       |       |       |       |       |       |       |       |    16 ||    16
Dodge: Dodged            |    42 |    73 |   123 |   394 |  1006 |  1592 |   888 |   762 |  1976 ||  6856
       Deflected         |       |       |       |       |     7 |    17 |    40 |    27 |    66 ||   157
Block: Shield            |    61 |    98 |   177 |   506 |  1171 |  1236 |   870 |   771 |  2256 ||  7146
       Reflection        |       |       |       |       |       |       |       |     3 |       ||     3

Table legend:
 A = Spawn XP
 B = Non-spawn XP
 C = Spawn XP percentage of total XP
 D = Spawn monster count
 E = Non-spawn monster count
 F = Spawn count percentage of total count
 G = Total turns spent on level
                    A         B        C        D         E        F      G
               +---------+---------+-------+---------+---------+-------+---------
         Total |   33036 | 2177323 |   1.5 |      46 |    3100 |   1.5 | 66897
               +---------+---------+-------+---------+---------+-------+---------
           D:1 |       0 |      22 |   0.0 |       0 |      12 |   0.0 |   462
           D:2 |       0 |      78 |   0.0 |       0 |      25 |   0.0 |   786
           D:3 |       0 |     255 |   0.0 |       0 |      33 |   0.0 |  1012
           D:4 |       0 |     635 |   0.0 |       0 |      19 |   0.0 |   863
           D:5 |       0 |     929 |   0.0 |       0 |      20 |   0.0 |  1232
           D:6 |       0 |     686 |   0.0 |       0 |      15 |   0.0 |   968
           D:7 |       0 |    2332 |   0.0 |       0 |      26 |   0.0 |   906
           D:8 |       0 |    2236 |   0.0 |       0 |      33 |   0.0 |  1321
           D:9 |       0 |    1545 |   0.0 |       0 |      23 |   0.0 |   534
          D:10 |       0 |    4283 |   0.0 |       0 |      23 |   0.0 |   945
          D:11 |       0 |    5460 |   0.0 |       0 |      47 |   0.0 |  1399
          D:12 |       0 |   10273 |   0.0 |       0 |      95 |   0.0 |  1437
          D:13 |       0 |    7230 |   0.0 |       0 |      27 |   0.0 |  1014
          D:14 |       0 |    8175 |   0.0 |       0 |      19 |   0.0 |   976
          D:15 |       0 |   11842 |   0.0 |       0 |      31 |   0.0 |  1930
        Lair:1 |       0 |    4343 |   0.0 |       0 |      62 |   0.0 |  1662
        Lair:2 |       0 |   14880 |   0.0 |       0 |      78 |   0.0 |  1385
        Lair:3 |       0 |   11715 |   0.0 |       0 |      38 |   0.0 |  1410
        Lair:4 |       0 |   14380 |   0.0 |       0 |      42 |   0.0 |  1150
        Lair:5 |       0 |    3042 |   0.0 |       0 |      16 |   0.0 |   763
        Lair:6 |       0 |   28992 |   0.0 |       0 |      86 |   0.0 |  1515
       Swamp:1 |       0 |   18614 |   0.0 |       0 |      48 |   0.0 |  1696
       Swamp:2 |       0 |   19618 |   0.0 |       0 |      44 |   0.0 |  1063
       Swamp:3 |       0 |   14820 |   0.0 |       0 |      37 |   0.0 |   954
       Swamp:4 |       0 |   33868 |   0.0 |       0 |      67 |   0.0 |  1270
      Spider:1 |       0 |    9792 |   0.0 |       0 |      29 |   0.0 |  1127
      Spider:2 |       0 |   18876 |   0.0 |       0 |      62 |   0.0 |  1259
      Spider:3 |       0 |   18245 |   0.0 |       0 |      41 |   0.0 |   874
      Spider:4 |       0 |   29351 |   0.0 |       0 |      46 |   0.0 |   787
       Slime:1 |       0 |    4232 |   0.0 |       0 |       8 |   0.0 |    66
       Slime:2 |       0 |   12559 |   0.0 |       0 |      28 |   0.0 |   228
       Slime:3 |       0 |   21084 |   0.0 |       0 |      26 |   0.0 |   448
       Slime:4 |       0 |   23012 |   0.0 |       0 |      33 |   0.0 |   663
       Slime:5 |       0 |   47360 |   0.0 |       0 |      28 |   0.0 |   446
         Orc:1 |       0 |    4525 |   0.0 |       0 |      35 |   0.0 |   595
         Orc:2 |       0 |   26201 |   0.0 |       0 |      86 |   0.0 |  1111
         Elf:1 |       0 |   29095 |   0.0 |       0 |      45 |   0.0 |  1055
         Elf:2 |       0 |   31697 |   0.0 |       0 |      49 |   0.0 |   921
         Elf:3 |       0 |   48981 |   0.0 |       0 |      42 |   0.0 |  1160
      Vaults:1 |       0 |   53061 |   0.0 |       0 |     100 |   0.0 |  1963
      Vaults:2 |       0 |   48065 |   0.0 |       0 |      77 |   0.0 |  2086
      Vaults:3 |       0 |   42947 |   0.0 |       0 |      67 |   0.0 |  1659
      Vaults:4 |       0 |   44640 |   0.0 |       0 |      63 |   0.0 |  1313
      Vaults:5 |       0 |  218311 |   0.0 |       0 |     160 |   0.0 |  1674
       Crypt:1 |       0 |   48689 |   0.0 |       0 |      70 |   0.0 |   999
       Crypt:2 |       0 |   42897 |   0.0 |       0 |      59 |   0.0 |   678
       Crypt:3 |       0 |   63371 |   0.0 |       0 |      78 |   0.0 |   879
      Depths:1 |       0 |   41129 |   0.0 |       0 |      46 |   0.0 |  1297
      Depths:2 |       0 |   53625 |   0.0 |       0 |      53 |   0.0 |  1172
      Depths:3 |       0 |  109630 |   0.0 |       0 |      89 |   0.0 |  1509
      Depths:4 |       0 |   60646 |   0.0 |       0 |      60 |   0.0 |  1685
      Depths:5 |       0 |  135465 |   0.0 |       0 |     133 |   0.0 |  1445
          Hell |       0 |   58812 |   0.0 |       0 |      95 |   0.0 |   669
         Zot:1 |       0 |   61346 |   0.0 |       0 |      37 |   0.0 |   856
         Zot:2 |       0 |   76811 |   0.0 |       0 |      52 |   0.0 |  1123
         Zot:3 |       0 |   42368 |   0.0 |       0 |      27 |   0.0 |   888
         Zot:4 |       0 |   79646 |   0.0 |       0 |      39 |   0.0 |  1546
         Zot:5 |       0 |  255566 |   0.0 |       0 |      80 |   0.0 |  1475
       Abyss:1 |     520 |       0 | 100.0 |       1 |       0 | 100.0 |    33
       Abyss:2 |    6623 |   22041 |  23.1 |      14 |      47 |  23.0 |   891
       Abyss:3 |    7670 |    4827 |  61.4 |      15 |      17 |  46.9 |   229
       Abyss:4 |    6245 |   16212 |  27.8 |       8 |      20 |  28.6 |   186
       Abyss:5 |   11978 |     869 |  93.2 |       8 |      11 |  42.1 |    98
        Bailey |       0 |    5962 |   0.0 |       0 |      10 |   0.0 |   294
    Desolation |       0 |   45124 |   0.0 |       0 |      86 |   0.0 |   790
               +---------+---------+-------+---------+---------+-------+---------
